 Dungeon Crawl Stone Soup version 0.29-a0-613-gf2c431b9b9 (webtiles) character file.

Game seed: 9016828791067376931

73 DocClef the Skirmisher (level 4, -3/42 HPs)
             Began as a Draconian Fighter on June 16, 2022.
             Killed from afar by Sigmund (4 damage)
             ... with a magic dart
             ... on level 2 of the Dungeon.
             The game lasted 00:01:38 (1983 turns).

DocClef the Skirmisher (Draconian Fighter)          Turns: 1983, Time: 00:01:39

Health: -3/42      AC:  5    Str: 20    XL:     4   Next: 8%
Magic:  4/4        EV: 12    Int:  8    God:
Gold:   82         SH:  4    Dex: 11    Spells: 3/3 levels left

rFire   . . .      SeeInvis .   a - +0 war axe
rCold   . . .      Faith    .   b - +0 buckler
rNeg    . . .      Spirit   .   (body armour unavailable)
rPois   .          Reflect  .   (helmet restricted)
rElec   .          Harm     .   (no cloak)
rCorr   .          Rampage  .   (no gloves)
Will    .....                   (no boots)
Stlth   +.........              (no amulet)
HPRegen 0.14/turn               (no ring)
MPRegen 0.09/turn               (no ring)

@: attractive
A: AC +5, unfitting armour, cold-blooded
a: no special abilities


You were on level 2 of the Dungeon.
You visited 1 branch of the dungeon, and saw 2 of its levels.

You collected 82 gold pieces.

Inventory:

Hand Weapons
 a - a +0 war axe (weapon)
Armour
 b - a +0 buckler (worn)
Jewellery
 e - a ring of resist corrosion
Scrolls
 f - a scroll of vulnerability {unknown}
 g - a scroll of amnesia {unknown}
 i - a scroll of magic mapping {unknown}
 j - a scroll of enchant armour {unknown}
 k - a scroll of teleportation {unknown}
Potions
 c - a potion of might
 d - 2 potions of curing
 h - a potion of attraction


   Skills:
 + Level 5.5 Fighting
 - Level 2.0 Axes
 - Level 2.6 Dodging
 - Level 3.0 Shields


You had 3 spell levels left.
You didn't know any spells.
Your spell library contained the following spells:

 Spells                   Type           Power      Damage    Failure   Level
 Summon Guardian Golem    Hex/Summ       0%         N/A       86%         3
 Orb of Destruction       Conj           0%         9d5       100%        7
 Spellforged Servitor     Conj/Summ      0%         N/A       100%        7


Dungeon Overview and Level Annotations

Branches:
Dungeon (2/15)

Altars:

Annotations:
D:2 Sigmund


Innate Abilities, Weirdness & Mutations

Your plain brown scales are hard. (AC +5)
You cannot fit into any form of body armour.
You are cold-blooded and may be slowed by cold attacks.


Message History

You hit Sigmund but do no damage.
Sigmund is lightly wounded.
Sigmund gestures at you while chanting. You block the puff of flame.
You closely miss Sigmund.
Sigmund is lightly wounded.
Sigmund misses you.
You closely miss Sigmund.
Sigmund is lightly wounded.
Sigmund says, "You will soon forget everything."
Sigmund hits you with a +2 vorpal scythe!
You slash Sigmund!
Sigmund is severely wounded.
Sigmund hits you with a +2 vorpal scythe.
Unknown command.
You barely miss Sigmund.
Sigmund is severely wounded.
Sigmund hits you but does no damage.
You hit Sigmund.
Sigmund is severely wounded.
Sigmund points at you and mumbles some strange words.
The magic dart hits you but does no damage.
You hit Sigmund.
Sigmund is severely wounded.
Sigmund hits you with a +2 vorpal scythe!
* * * LOW HITPOINT WARNING * * *
x2 Unknown command.
You barely miss Sigmund.
Sigmund is severely wounded.
Sigmund seems less brilliant.
Sigmund misses you.
Unknown command.
You barely miss Sigmund.
You tail-slap Sigmund, but do no damage.
Sigmund is severely wounded.
You block Sigmund's attack.
It was a potion of attraction.
You feel attractive to monsters. Sigmund gestures at you while chanting.
The magic dart hits you.
You die...

........).........###.#.#
........................#
.........##.<###..###.#<#
##.#..#..##.## #..# #.#.#
.#.#..#..##.####..###.#.## ###
...#..#.........$........######.#
.................####.#.#........
.#......................#.##.##.#
......#..#.###.#@##.....#.♣♣.##.#
#..#..#..#.# #.#@######.#.♣.♣##.#
#..#..#..#.# #.... #.#♣♣.♣ ♣♣♣
#..#.....#.# #..... #.♣♣.♣♣ ♣..
#..........# #...... #.♣..♣♣♣♣.♣
#.>#...#.#####......# ♣8.....♣♣
............##......# ♣_..⌠.♣♣♣
.........##.##......# ♣8......♣
#...........# ♣..♣♣♣♣..


You could see Sigmund.

Vanquished Creatures
  Natasha (D:2)
  An adder (D:2)
  2 dart slugs (D:1)
  3 endoplasms (D:2)
  3 giant cockroaches
  3 goblins
  4 hobgoblins (D:1)
  A quokka (D:1)
  5 ball pythons
  2 bats
  3 frilled lizards (D:1)
  4 kobolds (D:1)
  3 rats (D:1)
35 creatures vanquished.

Notes
Turn   | Place    | Note
-------+----------+-------------------------------------------
     0 | D:1      | DocClef the Draconian Fighter began the quest for the Orb.
     0 | D:1      | Reached XP level 1. HP: 19/19 MP: 1/1
   142 | D:1      | Reached XP level 2. HP: 17/27 MP: 2/2
   143 | D:1      | Reached skill level 4 in Fighting
  1083 | D:1      | Reached XP level 3. HP: 33/34 MP: 3/3
  1696 | D:2      | Found a faded altar of an unknown god.
  1727 | D:2      | Reached skill level 5 in Fighting
  1786 | D:2      | Noticed Natasha
  1799 | D:2      | Killed Natasha
  1800 | D:2      | Reached XP level 4. HP: 25/42 MP: 4/4
  1965 | D:2      | Noticed Sigmund
  1980 | D:2      | HP: 2/42 [Sigmund/+2 vorpal scythe (14)]
  1983 | D:2      | Killed from afar by Sigmund

Illustrated notes

Levels and vault maps discovered:
D:1:      lightli_arrival_farm, layout_basic
D:2:      wander_river, layout_basic, shapermc_ecumenical_altar_totnotflames,
          uniq_sigmund, uniq_natasha

Skill      XL: |  1  2  3 |
---------------+----------+-----
Fighting       | 4 5 |  5.5
Axes           | |  2.0
Dodging        | |  2.6
Shields        | |  3.0

Action                   |  1- 3 |  4- 6 || total
-------------------------+-------+-------++-------
Melee: War axe           |   101 |    14 ||   115
       Tailslap          |     7 |     1 ||     8
  Use: Scroll            |     1 |       ||     1
       Potion            |       |     1 ||     1
 Stab: Sleeping          |     4 |       ||     4
Armor: Skin              |    39 |     2 ||    41
Dodge: Dodged            |    62 |     5 ||    67
Block: Buckler           |    28 |     2 ||    30

Table legend: (Time is in decaauts)
 A = Elapsed time spent in this place.
 B = Non-inter-level travel time spent in this place.
 C = Inter-level travel time spent in this place.
 D = Time resting spent in this place.
 E = Time spent auto-exploring this place.
 F = Levels seen in this place.
 G = Mean time per level.
                   A        B        C        D        E       F      G
               +--------+--------+--------+--------+--------+-----+--------+
         Total |   2069 |   2046 |     23 |    535 |   1182 |   2 | 1034.5 |
       Dungeon |   2069 |   2046 |     23 |    535 |   1182 |   2 | 1034.5 |
               +--------+--------+--------+--------+--------+-----+--------+

Top non-repeatable levels by time:
     D:1: 1352 daAuts
     D:2: 717 daAuts
